 Dungeon Crawl Stone Soup version 0.30.1-11-g7821555f0a (webtiles) character file.

Game seed: 18143077703032925778

122 andronian the Poker (level 5, -4/41 HPs)
             Began as a Merfolk Gladiator on Nov 26, 2023.
             Slain by a gnoll
             ... wielding a +0 spear
              (7 damage)
             ... on level 3 of the Dungeon.
             The game lasted 00:03:44 (1959 turns).

andronian the Poker (Merfolk Gladiator)             Turns: 1959, Time: 00:03:45

Health: -4/41      AC:  5    Str: 14 (17) XL:     5   Next: 6%
Magic:  5/5        EV: 13    Int:  4 (7)  God:
Gold:   81         SH:  0    Dex: 14 (15) Spells: 4/4 levels left

rFire   . . .        a - +0 trident
rCold   . . .        (no shield)
rNeg    . . .        b - +0 leather armour
rPois   .            c - +0 helmet
rElec   .            (no cloak)
rCorr   .            g - +0 pair of gloves
SInv    .            (no boots)
Will    .....        (no amulet)
Stlth   +            (no ring)
HPRegen 0.26/turn    (no ring)
MPRegen 0.09/turn

%: no passive effects
@: attractive
A: (nimble swimmer 2), mertail
a: no special abilities


You were on level 3 of the Dungeon.
You visited 1 branch of the dungeon, and saw 3 of its levels.

You collected 81 gold pieces.

Inventory:

Hand Weapons
 a - a +0 trident (weapon)
Missiles
 d - 3 throwing nets
 e - a javelin
 i - 3 datura-tipped darts (quivered)
Armour
 b - a +0 leather armour (worn)
 c - a +0 helmet (worn)
 g - a +0 pair of gloves (worn)
Scrolls
 h - 2 scrolls of teleportation {unknown}
 l - 3 scrolls of poison {unknown}


   Skills:
 + Level 3.5 Fighting
 * Level 6.4 Polearms
 - Level 2.0 Throwing
 - Level 4.0 Dodging


You had 4 spell levels left.
You didn't know any spells.
Your spell library was empty.

Dungeon Overview and Level Annotations

Branches:
Dungeon (3/15)

Altars:

Shops:
D:1 =!(**


Innate Abilities, Weirdness & Mutations

((You are very nimble when in or above water. (Stealth+, EV+, Speed+++)))
Your lower body shifts to a powerful aquatic tail in water.


Message History

You barely miss the gnoll.
The gnoll is heavily wounded.
The gnoll hits you with a +0 flail!
* * * LOW HITPOINT WARNING * * *
Reach: a) +0 trident
Press: ? - help, Dir - move target, f/p - gnoll
Aim: a gnoll, wielding a +0 flail (heavily wounded, about 35% to evade your +0 trident)
You hit the gnoll.
You kill the gnoll!
You have reached level 5!
You feel stronger.
Unknown command.
It was a potion of attraction.
You feel attractive to monsters. The gnoll barely misses you.
The gnoll is attracted toward you.
It was a potion of degeneration.
There was something very wrong with that liquid.
You feel weakened.
You feel dopey.
You feel clumsy. The gnoll hits you with a +0 spear.
* * * LOW HITPOINT WARNING * * *
It was a potion of curing.
You feel better. The gnoll closely misses you.
You barely miss the gnoll. The gnoll barely misses you.
You closely miss the gnoll. The gnoll closely misses you.
You hit the gnoll but do no damage. The gnoll misses you.
You aren't carrying any potions.
You hit the gnoll.
The gnoll is heavily wounded.
The gnoll misses you.
You hit the gnoll.
The gnoll is heavily wounded.
The gnoll hits you with a +0 spear.
* * * LOW HITPOINT WARNING * * *
You barely miss the gnoll.
The gnoll is heavily wounded.
The gnoll hits you with a +0 spear.
* * * LOW HITPOINT WARNING * * *
You hit the gnoll.
The gnoll is almost dead.
The gnoll hits you with a +0 spear!
You die...

#.# ##.## #...# #...#
.# #. #...# .. ...
#####...##### .. ...
#...........###.##.##.
..............#.......
#...........#@#....#
#####...#####g#..####.
#...# #.)......! #...#
###....... #...#
#.##... ##.## .# # #.
. .. #.##.#....####.##


You could see a gnoll.

Vanquished Creatures
  Ijyb (D:2)
  3 gnolls (D:3)
  An adder (D:2)
  A worm (D:2)
  A dart slug (D:1)
  5 endoplasms
  2 giant cockroaches
  2 goblins
  6 hobgoblins
  6 jackals
  2 quokkas
  3 ball pythons
  7 bats
  4 frilled lizards
  5 kobolds
  5 rats
54 creatures vanquished.

Notes
Turn   | Place    | Note
-------+----------+-------------------------------------------
     0 | D:1      | andronian the Merfolk Gladiator began the quest for the
                  | Orb.
     0 | D:1      | Reached XP level 1. HP: 16/16 MP: 1/1
    15 | D:1      | Found Aberph's General Store.
   141 | D:1      | Reached XP level 2. HP: 23/23 MP: 2/2
   215 | D:1      | Found Liopidd's Antique Weapon Shoppe.
   341 | D:1      | Found Biohow's Assorted Antiques.
   469 | D:1      | Found a faded altar of an unknown god.
   504 | D:1      | Found Faovviwk's Distillery.
   590 | D:1      | Reached skill level 5 in Polearms
   590 | D:1      | Reached XP level 3. HP: 28/28 MP: 3/3
   726 | D:1      | Found Kakhly Teari's Jewellery Boutique.
  1774 | D:3      | Noticed Ijyb
  1792 | D:2      | Reached XP level 4. HP: 28/35 MP: 4/4
  1807 | D:2      | Killed Ijyb
  1808 | D:2      | Reached skill level 6 in Polearms
  1950 | D:3      | Reached XP level 5. HP: 6/41 MP: 5/5
  1959 | D:3      | Slain by a gnoll

Illustrated notes

Levels and vault maps discovered:
D:1:      erik_arrival_orb_chamber, layout_basic, serial_shops,
          nicolae_shop_overgrown_old_shop, shop, shop,
          nicolae_shop_gaudy_bauble, nicolae_shop_hallway_plus,
          basic_ecumenical_altar
D:2:      layout_basic
D:3:      layout_loops_cross, uniq_ijyb, uniq_terence

Skill      XL: |  1  2  3  4 |
---------------+-------------+-----
Polearms       | 5 6 |  6.4
Fighting       | 3 |  3.5
Throwing       | |  2.0
Dodging        | |  4.0

Action                     |  1- 3 |  4- 6 || total
---------------------------+-------+-------++-------
  Melee: Trident           |   130 |    48 ||   178
         Punch             |     2 |       ||     2
         Unarmed           |     1 |    15 ||    16
    Use: Potion            |     1 |     4 ||     5
         Scroll            |     1 |       ||     1
   Stab: Sleeping          |     2 |       ||     2
 Armour: Leather armour    |    34 |     9 ||    43
         Skin              |     4 |     2 ||     6
  Dodge: Dodged            |   103 |    49 ||   152
